 Dungeon Crawl Stone Soup version 0.31-a0-222-gefeffbb62a (webtiles) character file.

Game seed: 7749907532108584861

172 qw the Chopper (level 5, -1/32 HPs)
             Began as a Gargoyle Fighter on July 4, 2023.
             Slain by a gnoll
             ... wielding a +0 halberd
             ... led by a gnoll bouda
              (4 damage)
             ... on level 4 of the Dungeon.
             The game lasted 00:01:14 (1935 turns).

qw the Chopper (Gargoyle Fighter)                   Turns: 1935, Time: 00:01:15

Health: -1/32      AC: 15    Str: 22    XL:     5   Next: 52%
Magic:  5/5        EV:  8    Int:  8    God:
Gold:   134        SH:  4    Dex:  9    Spells: 4/4 levels left

rFire   . . .        Y - +0 war axe
rCold   . . .        c - +0 buckler
rNeg    + . .        h - +0 chain mail
rPois   inf          (no helmet)
rElec   +            (no cloak)
rCorr   .            l - +1 pair of gloves
SInv    +            (no boots)
Will    .....        (no amulet) Stlth
                     f - ring of see invisible
HPRegen 0.25/turn    (no ring)
MPRegen 0.09/turn

%: no passive effects
@: about to teleport
A: sickness immunity, AC +4, negative energy resistance 1, electricity
resistance, torment resistance 1, petrification resistance, MP-powered wands
a: no special abilities


You were on level 4 of the Dungeon.
You visited 1 branch of the dungeon, and saw 4 of its levels.

You collected 134 gold pieces.


Innate Abilities, Weirdness & Mutations

You are immune to sickness and miasma.
Your stone body is resilient. (AC +4)
You are immune to poison.
You resist negative energy. (rN+)
You are resistant to electric shocks. (rElec)
You are resistant to unholy torment.
You are immune to petrification.
You expend magic power (3 MP) to strengthen your wands.


   Skills:
 + Level 3.3 Fighting
 - Level 5.0 Axes
 - Level 3.2 Armour
 - Level 3.2 Shields


You had 4 spell levels left.
You didn't know any spells.
Your spell library was empty.

Inventory:

Hand Weapons
 n - a +0 hand axe of flaming
 Y - a +0 war axe (weapon)
Armour
 c - a +0 buckler (worn)
 h - a +0 chain mail (worn)
 k - a +0 ring mail of cold resistance
 l - a +1 pair of gloves (worn)
Jewellery
 a - a ring of fire
 f - a ring of see invisible (left hand)
Scrolls
 e - 2 scrolls of teleportation
Potions
 b - a potion of degeneration {unknown}
 d - 2 potions of might
 g - a potion of curing {unknown}
 i - a potion of mutation
 p - a potion of ambrosia {unknown}
 q - a potion of heal wounds {unknown}
 r - a potion of resistance {unknown}

Dungeon Overview and Level Annotations

Branches:
Dungeon (4/15)
 Temple: D:4-7

Altars:

Shops:
D:1 [


Message History

You slash the gnoll bouda!
You kill the gnoll bouda!
You hit the gnoll.
You kill the gnoll!
You miss the jackal. The jackal closely misses you.
The jackal bites you but does no damage.
The gnoll barely misses you.
Your Axes skill increases to level 5!
You hit the gnoll.
The gnoll is moderately wounded.
You barely miss the jackal.
The gnoll is no longer moving quickly.
The jackal bites you but does no damage.
The gnoll barely misses you.
The gnoll hits you from afar with a +0 halberd.
The jackal bites you. The gnoll hits you but does no damage.
You slash the gnoll!
The gnoll is almost dead.
You hit the jackal.
You kill the jackal!
The gnoll closely misses you. You block the gnoll's attack.
The gnoll hits you from afar with a +0 halberd.
1932 ||| READING 3 scrolls of teleportation.
As you read the scroll of teleportation, it crumbles to dust.
You feel strangely unstable. The gnoll hits you but does no damage.
The gnoll hits you from afar with a +0 halberd.
You barely miss the gnoll.
The gnoll is almost dead.
You block the gnoll's attack. The gnoll barely misses you.
You barely miss the gnoll.
The gnoll is almost dead.
The gnoll completely misses you. The gnoll closely misses you.
The gnoll hits you but does no damage.
You completely miss the gnoll.
The gnoll is almost dead.
You block the gnoll's attack. The gnoll hits you but does no damage.
The gnoll hits you from afar with a +0 halberd.
You die...

### ..
####.#####.#.
##.......h.gg.
#....)g#
#..###@#
#..###.####.#
#......g<...#
#.####..........
.........####
########..# ..#
..# .#


You could see 2 gnolls.

Vanquished Creatures
  A gnoll bouda (D:4)
  A hound (D:3)
  5 adders
  A gnoll (D:4)
  7 ball pythons
  3 bats (D:2)
  6 endoplasms
  3 giant cockroaches
  7 goblins
  7 hobgoblins
  2 jackals (D:4)
  2 quokkas (D:1)
  3 frilled lizards
  2 kobolds
  6 rats
56 creatures vanquished.

Notes
Turn   | Place    | Note
-------+----------+-------------------------------------------
     0 | D:1      | qw the Gargoyle Fighter began the quest for the Orb.
     0 | D:1      | Reached XP level 1. HP: 14/14 MP: 1/1
     0 | D:1      | 0 ||| qw: Version: 0.3-a-46-gb1f654a
     0 | D:1      | 0 ||| qw: Game counter: 958
     0 | D:1      | 0 ||| qw: Melee chars always use a shield: true
     0 | D:1      | 0 ||| qw: God list: Okawaru
     0 | D:1      | 0 ||| qw: Allow faded altars: false
     0 | D:1      | 0 ||| qw: Do Orc after clearing Dungeon:15 true
     0 | D:1      | 0 ||| qw: Do second Lair branch before Depths: true
     0 | D:1      | 0 ||| qw: Lair rune preference: random
     0 | D:1      | 0 ||| qw: Goals: Normal, Zot:1-4, Slime:5, God:TSO, Crypt,
                  | Tomb, Abyss, Pan, Hells, Win
     0 | D:1      | 0 ||| PLANNING D:1-11
    28 | D:1      | Reached skill level 2 in Axes
    68 | D:1      | 68 ||| DROPPING +0 club.
    77 | D:1      | 77 ||| FLEEEEING.
    80 | D:1      | 80 ||| FLEEEEING.
    81 | D:1      | 81 ||| FLEEEEING.
   108 | D:1      | Reached XP level 2. HP: 17/19 MP: 2/2
   168 | D:1      | Found a faded altar of an unknown god.
   553 | D:1      | Found Zuaschec's Antique Armour Emporium.
   563 | D:1      | 563 ||| SHOPLISTING blackened cloak (228 gold, have 40).
   563 | D:1      | 563 ||| SHOPLISTING cloak (108 gold, have 40).
   563 | D:1      | 563 ||| SHOPLISTING helmet (108 gold, have 40).
   563 | D:1      | 563 ||| SHOPLISTING pair of embroidered gloves (180 gold,
                  | have 40).
   568 | D:1      | 568 ||| UPGRADING to +0 chain mail.
   578 | D:1      | 578 ||| DROPPING +0 scale mail.
   579 | D:1      | 579 ||| UPGRADING to +0 pair of gloves.
   584 | D:1      | 584 ||| READING scroll labelled YJUUMP HEPUXOO.
   588 | D:1      | 588 ||| READING scroll labelled WOLAOG KEZUQOA.
   589 | D:1      | 589 ||| READING scroll labelled LUFFON IWNOMUY.
   590 | D:1      | 590 ||| READING scroll labelled FABUUM ADURCH.
   632 | D:2      | 632 ||| Stepping ~*~*~tactically~*~*~ (stealth).
   647 | D:2      | 647 ||| DROPPING +0 whip.
   674 | D:2      | 674 ||| DROPPING +0 mace.
   690 | D:2      | Reached skill level 3 in Axes
   690 | D:2      | Reached XP level 3. HP: 23/23 MP: 3/3
   735 | D:2      | 735 ||| Stepping ~*~*~tactically~*~*~ (stealth).
   739 | D:2      | 739 ||| Stepping ~*~*~tactically~*~*~ (stealth).
   868 | D:2      | Reached XP level 4. HP: 25/28 MP: 4/4
  1193 | D:2      | 1193 ||| Stepping ~*~*~tactically~*~*~ (stealth).
  1194 | D:2      | 1194 ||| Stepping ~*~*~tactically~*~*~ (stealth).
  1286 | D:2      | Reached skill level 4 in Axes
  1340 | D:2      | 1340 ||| UPGRADING to ring of see invisible.
  1341 | D:2      | 1341 ||| READING scroll labelled FUACIS WECVAU.
  1342 | D:2      | 1342 ||| DRINKING 2 bubbling grey potions.
  1342 | D:2      | Gained mutation: You expend magic power (3 MP) to
                  | strengthen your wands. [potion of mutation]
  1474 | D:3      | 1474 ||| DROPPING +2 heavy mace.
  1550 | D:3      | 1550 ||| Stepping ~*~*~tactically~*~*~ (stealth).
  1558 | D:3      | Reached XP level 5. HP: 32/32 MP: 5/5
  1565 | D:3      | 1565 ||| READING scroll of enchant armour.
  1565 | D:3      | 1565 ||| ENCHANTING +0 pair of gloves.
  1817 | D:3      | 1817 ||| READING scroll labelled FELOIRHIAPU.
  1818 | D:3      | 1818 ||| READING scroll labelled GICLIM ZODITI.
  1819 | D:3      | 1819 ||| READING scroll labelled TIFYPOURONK.
  1894 | D:4      | 1894 ||| Stepping ~*~*~tactically~*~*~ (stealth).
  1913 | D:4      | 1913 ||| Stepping ~*~*~tactically~*~*~ (stealth).
  1915 | D:4      | 1915 ||| Stepping ~*~*~tactically~*~*~ (hiding).
  1930 | D:4      | Reached skill level 5 in Axes
  1931 | D:4      | HP: 6/32 [gnoll/+0 halberd[a gnoll bouda] (5)]
  1932 | D:4      | 1932 ||| READING 3 scrolls of teleportation.
  1932 | D:4      | HP: 2/32 [gnoll/+0 halberd[a gnoll bouda] (4)]
  1935 | D:4      | Slain by a gnoll

Levels and vault maps discovered:
D:1:      eino_arrival_tree_alley, layout_rooms, serial_shops, shop,
          shapermc_ecumenical_altar_ellora, kennysheep_pointless_box
D:2:      layout_basic
D:3:      layout_rooms, chequers_serial_rivers_room_b
D:4:      layout_loops_ring, uniq_sigmund

Skill      XL: |  1  2  3  4  5 |
---------------+----------------+-----
Axes           | 2 3 4 5 |  5.0
Fighting       | |  3.3
Armour         | |  3.2
Shields        | |  3.2

Action                     |  1- 3 |  4- 6 || total
---------------------------+-------+-------++-------
  Melee: War axe           |    87 |   113 ||   200
    Use: Scroll            |     4 |     6 ||    10
         Potion            |       |     1 ||     1
 Armour: Scale mail        |    24 |       ||    24
         Chain mail        |    19 |    74 ||    93
  Dodge: Dodged            |    28 |    66 ||    94
  Block: Buckler           |    16 |    27 ||    43

Table legend:
 A = Non-vault XP
 B = Vault XP
 C = Vault XP percentage of total XP
 D = Non-vault monster count
 E = Vault monster count
 F = Vault count percentage of total count
                 A         B        C        D         E       F
            +---------+---------+-------+---------+---------+-------
      Total |     246 |       0 |   0.0 |      56 |       0 |   0.0
            +---------+---------+-------+---------+---------+-------
        D:1 |      22 |       0 |   0.0 |      13 |       0 |   0.0
        D:2 |      89 |       0 |   0.0 |      26 |       0 |   0.0
        D:3 |      58 |       0 |   0.0 |      10 |       0 |   0.0
        D:4 |      77 |       0 |   0.0 |       7 |       0 |   0.0
            +---------+---------+-------+---------+---------+-------
